 Dungeon Crawl Stone Soup version 0.18.1-5-g4a78601 (webtiles) character file.

644 LORDOFBUTT the Ruffian (level 7, -1/78 HPs)
             Began as a Demonspawn Berserker on May 10, 2016.
             Was an Elder of Trog.
             Slain by a gnoll
             ... wielding a +0 spear
              (8 damage)
             ... on level 4 of the Dungeon.
             The game lasted 00:06:28 (4337 turns).

LORDOFBUTT the Ruffian (Demonspawn Berserker)       Turns: 4337, Time: 00:06:29

Health: -1/78      AC:  4    Str: 22    XL:     7   Next: 27%
Magic:  7/7        EV: 12    Int:  9    God:    Trog [****..]
Gold:   133        SH:  2    Dex: 14    Spells: 0 memorised, 6 levels left

rFire  . . .     SeeInvis .       - Unarmed
rCold  . . .     Gourm    .     a - +0 animal skin
rNeg   . . .     Faith    .     (no shield)
rPois  .         Spirit   .     (no helmet)
rElec  .         Dismiss  .     (no cloak)
rCorr  .         Reflect  .     (no gloves)
SustAt .         Harm     .     (no boots)
MR     .....                    (no amulet)
Stlth  ..........               (no ring)
                                i - ring of flight

@: berserking, very quick, not resistant to hostile enchantments, extremely
unstealthy
A: large bone plates 1
a: Berserk, Trog's Hand, Brothers in Arms, Burn Spellbooks, Renounce Religion,
Evoke Flight


You were on level 4 of the Dungeon.
You worshipped Trog.
Trog was greatly pleased with you.
You were not hungry.

You visited 1 branch of the dungeon, and saw 4 of its levels.

You collected 133 gold pieces.

Inventory:

Hand Weapons
 v - a +0 hunting sling of flaming
Missiles
 w - 100 stones (quivered)
Armour
 a - a +0 animal skin (worn)
Jewellery
 h - an uncursed amulet of regeneration
 i - a ring of flight (left hand)
 m - an uncursed amulet of regeneration
Scrolls
 c - 4 scrolls of noise {unknown}
 d - 4 scrolls of remove curse {unknown}
 o - a scroll of blinking {unknown}
 q - 2 scrolls of recharging {unknown}
 r - 3 scrolls of teleportation {unknown}
 s - a scroll of enchant weapon {unknown}
 y - a scroll of immolation {unknown}
 B - 2 scrolls of fear {unknown}
 D - a scroll of enchant armour {unknown}
 H - a scroll of fog {unknown}
Potions
 b - 2 potions of invisibility
 e - a potion of cancellation {unknown}
 f - a potion of agility
 g - a potion of curing {unknown}
 j - a potion of ambrosia {unknown}
 k - 2 potions of brilliance
 l - 3 potions of might
 n - a potion of heal wounds {unknown}
 p - a potion of haste {unknown}
 z - a potion of cure mutation {unknown}
 C - a potion of experience {unknown}
 E - a potion of flight {unknown}
 F - 2 potions of berserk rage {unknown}
 G - a potion of lignification {unknown}
Books
 u - a book of Death

   Spells                             Type                      Level
   a - Corpse Rot                     Necromancy                   2
   b - Sublimation of Blood           Necromancy                   2
   c - Agony                          Necromancy                   5
   d - Dispel Undead                  Necromancy                   5
   e - Excruciating Wounds            Charms/Necromancy            5
   f - Bolt of Draining               Conjuration/Necromancy       5
   Trog disapproves of the use of such an item.
 A - a book of Conjurations

   Spells                             Type                      Level
   a - Magic Dart                     Conjuration                  1
   b - Searing Ray                    Conjuration                  2
   c - Dazzling Spray                 Conjuration/Hexes            3
   d - Fulminant Prism                Conjuration/Hexes            4
   e - Iskenderun's Mystic Blast      Conjuration                  4
   f - Iskenderun's Battlesphere      Conjuration/Charms           5
   Trog disapproves of the use of such an item.
Comestibles
 t - a royal jelly
 x - 3 bread rations


   Skills:
 - Level 3.4 Fighting
 - Level 2.0 Armour
 - Level 2.1 Dodging
 + Level 7.4 Unarmed Combat


You had 6 spell levels left.
You didn't know any spells.

Dungeon Overview and Level Annotations

Branches:
Dungeon (4/15)
 Temple: D:4-7

Altars:
Kikubaaqudgha
Pakellas
Sif Muna


Innate Abilities, Weirdness & Mutations

You are partially covered in large bone plates (AC +2, SH +2).


Message History

You closely miss the gnoll.
The gnoll is severely wounded.
The gnoll hits you with a halberd.
You hit the gnoll.
You kill the gnoll!
Trog accepts your kill.
You can now call in reinforcements.
A gnoll comes into view. It is wielding a spear.
The gnoll shouts!
You see here a halberd.
A gnoll comes into view.
The gnoll hits you from afar with a spear!
* * * LOW HITPOINT WARNING * * *
You are too injured to fight recklessly!
The gnoll shouts!
The gnoll hits you with a spear!
* * * LOW HITPOINT WARNING * * *
A red film seems to cover your vision as you go berserk!
You feel yourself moving faster!
You feel mighty!
You feel somewhat more hungry. The gnoll hits you with a spear!
You die...

.............###.....# ##....#
...........###...###.# ##...#
...............###)..# #...#
.............###..†..# #...#
...........###.......# #....
.............###.....## ##..##
...............###....## ###..##
.............)...###...###....#
................@g...........##
..................g.....######
........................# ###
........................## ###.##
.........................###.....
............##...........##..####
............##...........#..##
............##.............##
............##............##


You could see 2 gnolls.

Vanquished Creatures
  A phantom (D:4)
  A centaur (D:3)
  2 giant frogs (D:4)
  A scorpion (D:3)
  An orc priest (D:3)
  3 worker ants
  A hound skeleton (D:4)
  A gnoll (D:4)
  7 adders
  3 oozes
  A worm (D:3)
  A dart slug (D:1)
  2 giant geckos
  3 orcs (D:3)
  6 giant cockroaches
  12 goblins
  14 hobgoblins
  2 jackals (D:2)
  3 quokkas
  11 bats
  A giant gecko skeleton (D:4)
  5 giant newts
  16 kobolds
  11 rats
109 creatures vanquished.

Notes
Turn   | Place    | Note
--------------------------------------------------------------
     0 | D:1      | LORDOFBUTT the Demonspawn Berserker began the quest for the Orb.
     0 | D:1      | Reached XP level 1. HP: 18/18 MP: 1/1
    43 | D:1      | Gained mutation: You are partially covered in large bone plates (AC +2, SH +2). [demonic ancestry]
    43 | D:1      | Reached XP level 2. HP: 20/24 MP: 2/2
   221 | D:1      | Reached skill level 3 in Unarmed Combat
   595 | D:1      | Reached XP level 3. HP: 28/29 MP: 3/3
   698 | D:1      | Reached ** piety under Trog
  1280 | D:2      | Reached XP level 4. HP: 27/35 MP: 4/4
  1466 | D:2      | Reached skill level 4 in Unarmed Combat
  1829 | D:2      | Found a deep blue altar of Sif Muna.
  2245 | D:2      | Reached *** piety under Trog
  2546 | D:3      | Reached skill level 5 in Unarmed Combat
  2546 | D:3      | Reached XP level 5. HP: 8/41 MP: 5/5
  2573 | D:3      | Found an oddly glowing altar of Pakellas.
  2923 | D:3      | Noticed a centaur
  2931 | D:3      | Killed a centaur
  2931 | D:3      | Reached XP level 6. HP: 47/47 MP: 6/6
  3050 | D:3      | Reached skill level 6 in Unarmed Combat
  3871 | D:4      | Reached skill level 7 in Unarmed Combat
  3871 | D:4      | Reached XP level 7. HP: 34/52 MP: 7/7
  3988 | D:4      | Found an ancient bone altar of Kikubaaqudgha.
  4332 | D:4      | Reached **** piety under Trog
  4337 | D:4      | Slain by a gnoll

Skill      XL: |  1  2  3  4  5  6 |
---------------+-------------------+-----
Unarmed Combat | 3 5 7 |  7.4
Armour         | 2 |  2.0
Dodging        | 2 |  2.1
Fighting       | |  3.4

Action                   |  1- 3 |  4- 6 |  7- 9 || total
-------------------------+-------+-------+-------++-------
Melee: Unarmed           |   181 |   321 |    23 ||   525
       Punch             |     2 |     6 |       ||     8
 Fire: Hunting sling     |       |     3 |       ||     3
Invok: Berserk           |     1 |     3 |     1 ||     5
       Trog's Hand       |       |     1 |       ||     1
  Use: Scroll            |       |     3 |       ||     3
 Stab: Sleeping          |     2 |     1 |       ||     3
  Eat: Bread ration      |     1 |     1 |       ||     2
       Chunk             |       |     8 |       ||     8
Armor: Animal skin       |    65 |    64 |     2 ||   131
Dodge: Dodged            |   128 |   196 |    13 ||   337
Block: Other             |    14 |    20 |     2 ||    36
